 Dungeon Crawl Stone Soup version 0.19.5 (webtiles) character file.

5450 JeffiDaFish the Blocker (level 10, -4/58 HPs)
             Began as a Gargoyle Fighter on Nov 29, 2017.
             Was an Elder of Okawaru.
             Slain by a four-headed hydra (5 damage)
             ... on level 8 of the Dungeon on Dec 2, 2017.
             The game lasted 00:34:12 (8300 turns).

JeffiDaFish the Blocker (Gargoyle Fighter)          Turns: 8300, Time: 00:34:12

Health: -4/58      AC: 29    Str: 19    XL:     10   Next: 68%
Magic:  10/10      EV:  4    Int:  8    God:    Okawaru [****..]
Gold:   411        SH: 12    Dex: 14    Spells: 0 memorised, 9 levels left

rFire  . . .     SeeInvis .     t - +3 morningstar
rCold  . . .     Gourm    .     s - +0 crystal plate armour
rNeg   + . .     Faith    .     c - +0 shield
rPois  ∞         Spirit   .     (no helmet)
rElec  +         Reflect  .     d - +0 cloak
rCorr  .         Harm     .     e - +0 pair of gloves
MR     .....                    (no boots)
Stlth  ..........               o - amulet of regeneration
                                p - -2 ring of intelligence (curse)
                                l - +2 ring of dexterity

@: about to teleport, slowed, very slow
A: repulsion field 1, rugged brown scales 1, frail 1, negative energy resistance
1, electricity resistance, unbreathing, petrification resistance, rot immunity,
AC +7
a: Heroism, Renounce Religion


You were on level 8 of the Dungeon.
You worshipped Okawaru.
Okawaru was greatly pleased with you.
You were not hungry.

You visited 2 branches of the dungeon, and saw 10 of its levels.

You collected 411 gold pieces.

Inventory:

Hand Weapons
 t - a +3 morningstar (weapon)
Armour
 c - a +0 shield (worn)
 d - a +0 cloak (worn)
 e - a +0 pair of gloves (worn)
 s - a +0 crystal plate armour (worn)
Jewellery
 l - a +2 ring of dexterity (left hand)
 o - an amulet of regeneration (around neck)
 p - a cursed -2 ring of intelligence (right hand)
 r - an uncursed ring of resist corrosion
Scrolls
 g - 3 scrolls of identify
Potions
 b - a potion of resistance
 n - a potion of flight
Comestibles
 f - 6 bread rations
 h - 3 slices of pizza
 i - 5 meat rations
 j - a royal jelly
 m - a beef jerky


   Skills:
 + Level 7.0 Fighting
 + Level 9.3 Maces & Flails
 + Level 7.7 Armour
 + Level 2.1 Dodging
 + Level 0.2 Stealth
 + Level 10.3 Shields


You had 9 spell levels left.
You didn't know any spells.

Dungeon Overview and Level Annotations

Branches:
Dungeon (9/15)             Temple (1/1) D:4
   Lair: D:8-11         Orc: D:9-12

Altars:
Ashenzari
Dithmenos
Elyvilon
Fedhas
Gozag
Hepliaklqana
Kikubaaqudgha
Makhleb
Nemelex Xobeh
Okawaru
Qazlal
Ru
Sif Muna
Trog
Uskayaw
Vehumet
Xom
Yredelemnul
Zin
The Shining One

Shops:
D:8 :

Annotations:
D:9 Barfbag's ghost, novice MiSk


Innate Abilities, Weirdness & Mutations

You are resistant to torment.
Your stone body is resilient. (AC +7)
You are immune to poison.
You resist negative energy. (rN+)
You are resistant to electric shocks. (rElec)
You can survive without breathing.
You are immune to petrification.
You are immune to rotting.
You are surrounded by a mild repulsion field. (EV +2)
You are partially covered in rugged brown scales. (AC +1, +3% HP)
You are frail. (-10% HP)


Message History

The gnoll completely misses you.
You sock the four-headed hydra!
The four-headed hydra is heavily wounded.
You block the four-headed hydra's attack.
The four-headed hydra bites you.
* * * LOW HITPOINT WARNING * * *
You block the four-headed hydra's attack.
The four-headed hydra bites you.
* * * LOW HITPOINT WARNING * * *
The gnoll hits you but does no damage.
Okay, then.
As you read the scroll of teleportation, it crumbles to dust.
You feel strangely unstable. The four-headed hydra bites you.
* * * LOW HITPOINT WARNING * * *
You block the four-headed hydra's attack.
The four-headed hydra bites you but does no damage. x2
You block the gnoll's attack. The four-headed hydra bites you.
* * * LOW HITPOINT WARNING * * *
The four-headed hydra bites you.
You die...

######## #......## #.#######
#.# ##@## #.##8gD.8#
#.##.....# #.#8.....8#
###########.##.....##
............##8..(8#
##########.###.....##
##########.##8.....8########
............##.....##......#


You could see a four-headed hydra and a gnoll.

Vanquished Creatures
  Pikel (D:6)
  The ghost of Barfbag the Ruffian, a novice DrTm of Hepliaklqana (D:7)
  The ghost of goopyman917 the Gusty, a novice DgAE (D:6)
  Grinder (D:4)
  Prince Ribbit (D:7)
  A hippogriff (D:8)
  A shadow (D:7)
  A yak (D:8)
  Menkaure (D:6)
  A water moccasin (D:8)
  A sky beast (D:7)
  Duvessa (D:7)
  Purgy (D:4)
  An orc warrior (D:4)
  A black bear (D:6)
  2 phantoms
  4 ogres
  4 centaurs
  A bullfrog (D:7)
  A gnoll sergeant (D:8)
  Dowan (D:7)
  5 killer bees (D:9)
  4 howler monkeys
  4 wights (D:7)
  4 electric eels (D:7)
  2 crimson imps
  A jelly (D:7)
  A quasit (D:8)
  A bullfrog zombie (D:7)
  A bullfrog skeleton (D:8)
  4 hounds
  5 orc wizards
  2 orc priests
  2 centaur skeletons
  Jessica (D:2)
  Ijyb (D:2)
  Terence (D:2)
  6 worker ants
  2 howler monkey skeletons (D:4)
  5 gnolls (D:8)
  9 adders
  6 river rats
  3 shadow imps
  3 oozes
  3 adder skeletons
  3 worms
  4 dart slugs (D:1)
  6 leopard geckos
  18 orcs
  12 bats
  8 giant cockroaches
  7 goblins
  7 hobgoblins
  6 kobolds
  5 quokkas
  2 ball pythons
  7 frilled lizards
  A quokka zombie (D:5)
  20 rats
  A fungus (D:9)
211 creatures vanquished.

Vanquished Creatures (others)
  A scorpion (D:6)
1 creature vanquished.

Grand Total: 212 creatures vanquished

Notes
Turn   | Place    | Note
-------+----------+-------------------------------------------
     0 | D:1      | JeffiDaFish the Gargoyle Fighter began the quest for the Orb.
     0 | D:1      | Reached XP level 1. HP: 14/14 MP: 1/1
   310 | D:1      | Reached XP level 2. HP: 18/19 MP: 2/2
   572 | D:1      | Reached XP level 3. HP: 22/24 MP: 3/3
  1069 | D:2      | Found a faded altar of an unknown god.
  1119 | D:2      | Noticed Terence
  1122 | D:2      | Reached XP level 4. HP: 22/29 MP: 4/4
  1145 | D:2      | Killed Terence
  1145 | D:2      | Reached skill level 4 in Shields
  1229 | D:2      | Noticed Jessica
  1236 | D:2      | Killed Jessica
  1241 | D:2      | Reached XP level 5. HP: 29/33 MP: 5/5
  1542 | D:2      | Noticed Ijyb
  1554 | D:2      | Killed Ijyb
  2139 | D:3      | Reached XP level 6. HP: 37/38 MP: 6/6
  2243 | D:4      | Noticed a phantom
  2258 | D:4      | Killed a phantom
  2258 | D:4      | Reached skill level 1 in Dodging
  2262 | D:4      | Reached skill level 5 in Shields
  2329 | D:4      | Found a burning altar of Makhleb.
  2333 | D:4      | Noticed Grinder
  2333 | D:4      | Paralysed by Grinder for 3 turns
  2350 | D:4      | Paralysed by Grinder for 4 turns
  2354 | D:4      | Killed Grinder
  2354 | D:4      | Reached XP level 7. HP: 21/44 MP: 7/7
  2555 | D:4      | Noticed Purgy
  2570 | D:4      | Killed Purgy
  2778 | D:4      | Reached skill level 5 in Armour
  2812 | D:4      | Reached skill level 6 in Shields
  2968 | D:4      | Found a staircase to the Ecumenical Temple.
  2978 | Temple   | Entered the Ecumenical Temple
  3240 | D:4      | Reached skill level 5 in Maces & Flails
  3368 | D:5      | Entered Level 5 of the Dungeon
  3392 | D:5      | Reached XP level 8. HP: 48/48 MP: 8/8
  3400 | D:5      | Found a blossoming altar of Fedhas.
  3456 | D:5      | Found an iron altar of Okawaru.
  3469 | D:5      | Became a worshipper of Warmaster Okawaru
  3770 | D:5      | Reached skill level 5 in Fighting
  4313 | D:6      | Noticed Menkaure
  4332 | D:6      | Killed Menkaure
  4375 | D:6      | Noticed goopyman917's ghost (novice DgAE)
  4423 | D:6      | Killed goopyman917's ghost
  4423 | D:6      | Reached * piety under Okawaru
  4423 | D:6      | Reached skill level 7 in Shields
  4568 | D:6      | Reached XP level 9. HP: 51/54 MP: 9/9
  4887 | D:6      | Reached ** piety under Okawaru
  4960 | D:6      | Noticed Pikel
  4991 | D:6      | Killed Pikel
  4991 | D:6      | Reached skill level 8 in Shields
  5232 | D:7      | Noticed Barfbag's ghost (novice DrTm)
  5257 | D:7      | Killed Barfbag's ghost
  5644 | D:7      | Found a deep blue altar of Sif Muna.
  5703 | D:7      | Noticed Prince Ribbit
  5717 | D:7      | Killed Prince Ribbit
  5717 | D:7      | Reached skill level 9 in Shields
  5735 | D:7      | Gained mutation: You are frail. (-10% HP) [potion of mutation]
  5735 | D:7      | Gained mutation: You are surrounded by a mild repulsion field. (EV +2) [potion of mutation]
  5735 | D:7      | Gained mutation: You are partially covered in rugged brown scales. (AC +1, +3% HP) [potion of mutation]
  6009 | D:7      | Reached XP level 10. HP: 56/56 MP: 10/10
  6073 | D:7      | Noticed Duvessa
  6073 | D:7      | Noticed Dowan
  6079 | D:7      | Killed Dowan
  6079 | D:7      | Reached *** piety under Okawaru
  6092 | D:7      | Killed Duvessa
  6489 | D:7      | Received a gift from Okawaru
  7073 | D:8      | Found a stormy altar of Qazlal.
  7201 | D:8      | Found Guobruit's Book Shoppe.
  7305 | D:8      | Found a blossoming altar of Fedhas.
  7853 | D:8      | Reached skill level 10 in Shields
  8115 | D:9      | Reached **** piety under Okawaru
  8215 | D:9      | Noticed a four-headed hydra
  8232 | D:9      | HP: 1/58 [four-headed hydra (8)]
  8291 | D:9      | Noticed Barfbag's ghost (novice MiSk)
  8300 | D:8      | HP: 1/58 [four-headed hydra (5)]
  8300 | D:8      | Slain by a four-headed hydra

Skill      XL: |  1  2  3  4  5  6  7  8  9 10 |
---------------+-------------------------------+-----
Fighting       | 4 5 6 7 |  7.0
Shields        | 4 5 6 7 9 10 | 10.3
Armour         | 4 5 6 7 |  7.7
Maces & Flails | 3 4 5 6 8 9 |  9.3
Dodging        | 1 2 |  2.1
Stealth        | |  0.2

Action                   |  1- 3 |  4- 6 |  7- 9 | 10-12 || total
-------------------------+-------+-------+-------+-------++-------
Melee: Flail             |   122 |   205 |   447 |   341 ||  1115
       Morningstar       |       |       |       |    81 ||    81
  Use: Potion            |     6 |     5 |     2 |       ||    13
       Scroll            |     1 |     4 |     7 |     5 ||    17
  Eat: Chunk             |     1 |    15 |    13 |     1 ||    30
Armor: Scale mail        |    72 |   145 |    26 |       ||   243
       Chain mail        |       |       |    11 |       ||    11
       Plate armour      |       |       |   235 |    60 ||   295
       Crystal plate arm |       |       |       |   430 ||   430
Dodge: Dodged            |    41 |    85 |    91 |   123 ||   340
Block: Shield            |    69 |   130 |   303 |   382 ||   884
